Flames vs Golden Knights

Created - 2 février 2021 at 20:17

Goals
1 2 3 T
Flames 0 0 1 1
Golden Knights 0 2 0 2
Shots
1 2 3 T
Flames 9 11 9 29
Golden Knights 6 15 17 38

1st period

No Goal

Penalties :
Anthony Beauvillier (VGK) for Tripping (Minor) at 16:50

2nd period

1. Golden Knights , Tomas Hertl 17 (Anthony Beauvillier 12, Nick Suzuki 12) at 1:51
2. Golden Knights , Anthony Beauvillier 10 (Nick Suzuki 13, Miro Heiskanen 23) at 15:04

Penalties :
Ryan Getzlaf (CGY) for Holding (Minor) at 15:31

3rd period

3. Flames , Max Domi 10 (Ryan Getzlaf 26, Ethan Bear 13) at 16:01

Penalties :
Brady Tkachuk (CGY) for Tripping (Minor) at 3:57, Brayden McNabb (CGY) for Hooking (Minor) at 7:51, Marc Staal (CGY) for Slashing (Minor) at 13:36

Goalie Stats

Jordan Binnington (CGY), 36 saves from 38 shots - (0,947), L, 23-12-6, 59:02 minutes
Ilya Samsonov (VGK), 28 saves from 29 shots - (0,966), W, 18-6-3, 60:00 minutes

Players Stats for Flames

Player Name              G  A  P  +/- PIM S  H  SB GA TA FO     MP     PP MP  PK MP  
------------------------------------------------------------------------------------
Alec Martinez            0  0  0  -1  0   1  0  3  0  0  0/0    19:43   1:00   4:16 
Blake Wheeler            0  0  0  -1  0   3  0  0  0  0  0/1    19:48   0:59   2:29 
Brady Tkachuk            0  0  0  -1  2   4  2  0  0  0  1/1    16:42   0:59   0:23 
Brayden McNabb           0  0  0  -1  2   2  8  1  0  0  0/0    19:00   1:00   3:34 
Charlie Coyle            0  0  0   1  0   0  2  0  0  0  3/6    20:16   1:00   4:39 
Esa Lindell              0  0  0  -1  0   1  0  3  0  0  0/0    25:07   0:59   2:36 
Ethan Bear               0  1  1   1  0   0  4  2  0  0  0/0    15:52   0:00   1:46 
Ilya Mikheyev            0  0  0  -1  0   1  0  0  0  0  0/0    10:18   0:00   4:42 
Jakub Vrana              0  0  0   0  0   0  0  0  0  0  0/1    14:48   0:00   1:16 
Jared Spurgeon           0  0  0  -1  0   5  2  3  0  0  0/0    24:45   0:59   2:14 
John Tavares             0  0  0  -2  0   1  2  1  0  0  25/35  24:25   0:59   2:29 
Marc Staal               0  0  0   1  2   0  4  1  0  0  0/0    15:09   0:00   1:04 
Max Domi                 1  0  1   1  0   3  2  0  0  0  1/1    16:52   1:00   0:16 
Ondrej Kase              0  0  0   0  0   0  0  0  0  0  1/1     0:59   0:00   0:00 
Pavel Buchnevich         0  0  0  -1  0   2  1  0  0  0  0/0     5:36   0:00   0:00 
Ryan Getzlaf             0  1  1   1  2   5  2  0  0  0  12/18  15:36   1:00   0:00 
Sean Kuraly              0  0  0   0  0   0  4  0  0  0  4/12   13:32   0:00   0:00 
Taylor Hall              0  0  0   0  0   1  0  0  0  0  0/0    13:32   0:00   0:00 

Players Stats for Golden Knights

Player Name              G  A  P  +/- PIM S  H  SB GA TA FO     MP     PP MP  PK MP  
------------------------------------------------------------------------------------
Alex Steen               0  0  0   0  0   1  0  0  0  0  0/1     6:40   0:00   0:00 
Anthony Beauvillier      1  1  2   2  2   5  3  0  0  0  0/0    17:41   4:03   0:00 
Artemi Panarin           0  0  0   0  0   2  0  0  0  0  0/0    22:38   3:53   0:00 
Calle Jarnkrok           0  0  0  -1  0   0  0  0  0  0  0/0    11:21   0:00   0:20 
Claude Giroux            0  0  0   0  0   6  2  0  0  0  16/30  22:38   3:53   0:00 
Deryk Engelland          0  0  0  -1  0   1  1  1  0  0  0/0    13:42   0:00   0:00 
Jake Guentzel            0  0  0   0  0   1  2  1  0  0  1/3    22:38   3:53   0:00 
Marcus Foligno           0  0  0   0  0   0  0  0  0  0  0/0     8:13   0:00   1:39 
Mathew Dumba             0  0  0   2  0   0  1  1  0  0  0/0    17:42   0:00   1:12 
Miro Heiskanen           0  1  1   2  0   3  1  0  0  0  0/0    21:07   3:19   1:12 
Nick Suzuki              0  2  2   2  0   2  1  0  0  0  0/1    17:48   4:03   0:00 
Nico Hischier            0  0  0  -1  0   3  0  0  0  0  1/9    11:21   0:00   0:20 
Riley Sheahan            0  0  0   0  0   0  0  0  0  0  2/12    8:13   0:00   1:39 
Tomas Hertl              1  0  1   2  0   5  2  2  0  0  9/19   17:48   4:03   0:00 
Torey Krug               0  0  0   0  0   1  2  2  0  0  0/0    20:42   4:21   0:00 
Tyson Barrie             0  0  0  -1  0   4  1  1  0  0  0/0    21:36   3:35   0:47 
Viktor Arvidsson         0  0  0  -1  0   0  0  1  0  0  0/1    11:01   0:00   0:00 
Zach Werenski            0  0  0   0  0   4  0  0  0  0  0/0    25:11   4:37   0:47 

3 Stars

1 - Anthony Beauvillier (VGK)
2 - Tomas Hertl (VGK)
3 - Ilya Samsonov (VGK)

Power Play

Flames - 0 on 1 Attempt(s) - 0,00%
Golden Knights - 0 on 4 Attempt(s) - 0,00%

Penalty Kill

Flames - 4 on 4 Attempt(s) - 100,00% - Score 0 goal in Penalty Kill
Golden Knights - 1 on 1 Attempt(s) - 100,00% - Score 0 goal in Penalty Kill

Team Stat

Flames - Hits : 33 - Faceoff Wins : 47 - Blocked Shots : 14 - Penalty Minutes : 8
Golden Knights - Hits : 16 - Faceoff Wins : 29 - Blocked Shots : 9 - Penalty Minutes : 2

Official

Referees : Brandon Schrader and Jake Brenk
Linesman : Steve Miller and Robb Harrell

Game Notes

No Game Note

Finance

Level 1 -- Attendance: 5662 (87,11%) -- Ticket Income 622 820 $
Level 2 -- Attendance: 4484 (89,68%) -- Ticket Income 367 688 $
Level 3 -- Attendance: 3086 (88,17%) -- Ticket Income 194 418 $
Level 4 -- Attendance: 2829 (79,98%) -- Ticket Income 56 580 $
Luxury Box -- Attendance: 1000 (100,00%) -- Ticket Income 225 000 $
Game was played at the T-Mobile Arena.
Total Attendance: 17061 (87,33%)
Total Ticket Income: 1 466 506 $
Other Income: 718 588 $
Total Income: 2 185 094 $

% Time on Ice - Flames

Lines # - Real PCT - Wanted PCT - Time Play
Normal Forward
1 - 31% - 35% - 15:21
2 - 30% - 30% - 14:37
3 - 28% - 20% - 13:32
4 - 11% - 15% - 5:36
Normal Defense
1 - 35% - 35% - 17:11
2 - 29% - 30% - 14:27
3 - 29% - 25% - 14:06
4 - 7% - 10% - 3:22
PP Forward
1 - 50% - 60% - 0:59
2 - 50% - 40% - 1:00
PP Defense
1 - 50% - 60% - 0:59
2 - 50% - 40% - 1:00
PK Forward
1 - 39% - 50% - 3:08
2 - 61% - 50% - 4:48
PK Defense
1 - 28% - 50% - 2:14
2 - 72% - 50% - 5:42
PK3 Forward
1 - 0% - 50%
2 - 0% - 50%
PK3 Defense
1 - 0% - 50%
2 - 0% - 50%
44 Forward
1 - 0% - 50%
2 - 0% - 50%
44 Defense
1 - 0% - 50%
2 - 0% - 50%
Last Minute Offensive  - 0:59
Last Minute Defensive  - 0:00
Total
Forward - 60:00
Defense - 60:00

% Time on Ice - Golden Knights

Lines # - Real PCT - Wanted PCT - Time Play
Normal Forward
1 - 38% - 40% - 18:45
2 - 27% - 30% - 13:39
3 - 22% - 20% - 11:01
4 - 13% - 10% - 6:34
Normal Defense
1 - 33% - 35% - 16:15
2 - 33% - 30% - 16:30
3 - 27% - 25% - 13:42
4 - 7% - 10% - 3:32
PP Forward
1 - 49% - 60% - 3:53
2 - 51% - 40% - 4:03
PP Defense
1 - 58% - 60% - 4:37
2 - 42% - 40% - 3:19
PK Forward
1 - 83% - 60% - 1:39
2 - 17% - 40% - 0:20
PK Defense
1 - 39% - 60% - 0:47
2 - 61% - 40% - 1:12
PK3 Forward
1 - 0% - 60%
2 - 0% - 40%
PK3 Defense
1 - 0% - 60%
2 - 0% - 40%
44 Forward
1 - 0% - 60%
2 - 0% - 40%
44 Defense
1 - 0% - 60%
2 - 0% - 40%
Last Minute Offensive  - 0:00
Last Minute Defensive  - 0:06
Total
Forward - 60:00
Defense - 60:00

Play-by-Play

1st period


0:01 of 1st period - Jake Guentzel wins face-off versus John Tavares in neutral zone.
0:03 of 1st period - Zach Werenski is hit by Brady Tkachuk and loses puck.
1:29 of 1st period - Shot by Ryan Getzlaf.
1:29 of 1st period - Shot Blocked by Mathew Dumba.
2:01 of 1st period - Viktor Arvidsson is hit by Brayden McNabb.
2:18 of 1st period - Viktor Arvidsson is hit by Brayden McNabb and loses puck.
2:27 of 1st period - Shot by Calle Jarnkrok.
2:27 of 1st period - Deflect By Nico Hischier.
2:27 of 1st period - Stopped by Jordan Binnington with a rebound.
2:29 of 1st period - Shot by Viktor Arvidsson.
2:29 of 1st period - Shot Blocked by Alec Martinez.
2:31 of 1st period - Shot by Tyson Barrie.
2:31 of 1st period - Stopped by Jordan Binnington without a rebound.
2:32 of 1st period - Riley Sheahan wins face-off versus Jakub Vrana in Flames zone.
2:32 of 1st period - Mathew Dumba is hit by Marc Staal and loses puck.
3:42 of 1st period - Zach Werenski is hit by John Tavares.
3:57 of 1st period - Off-side.
3:58 of 1st period - Tomas Hertl wins face-off versus John Tavares in neutral zone.
4:05 of 1st period - Off-side.
4:06 of 1st period - John Tavares wins face-off versus Tomas Hertl in neutral zone.
5:54 of 1st period - Off-side.
5:55 of 1st period - John Tavares wins face-off versus Claude Giroux in neutral zone.
6:02 of 1st period - Shot by Ilya Mikheyev.
6:02 of 1st period - Shot Blocked by Jake Guentzel.
6:05 of 1st period - Icing by Claude Giroux.
6:06 of 1st period - Claude Giroux wins face-off versus Sean Kuraly in Golden Knights zone.
6:37 of 1st period - Shot by Artemi Panarin.
6:37 of 1st period - Shot Blocked by Marc Staal.
6:45 of 1st period - Shot by Artemi Panarin.
6:45 of 1st period - Shot Misses the Net.
8:02 of 1st period - Shot by Riley Sheahan.
8:02 of 1st period - Shot Hit the Post.
8:09 of 1st period - Marcus Foligno is hit by Brayden McNabb and loses puck.
8:13 of 1st period - Marcus Foligno is hit by Brayden McNabb and loses puck.
8:35 of 1st period - Torey Krug is hit by Brayden McNabb and loses puck.
9:40 of 1st period - Artemi Panarin is hit by Jared Spurgeon and loses puck.
10:00 of 1st period - Esa Lindell is hit by Anthony Beauvillier and loses puck.
10:07 of 1st period - Jakub Vrana is hit by Tomas Hertl.
11:21 of 1st period - Icing by Ilya Mikheyev.
11:22 of 1st period - Ondrej Kase wins face-off versus Claude Giroux in Flames zone.
11:22 of 1st period - Ondrej Kase is hit by Claude Giroux.
11:32 of 1st period - Shot by Pavel Buchnevich.
11:32 of 1st period - Stopped by Ilya Samsonov with a rebound.
12:06 of 1st period - Shot by Jakub Vrana.
12:06 of 1st period - Deflect By Taylor Hall.
12:06 of 1st period - Stopped by Ilya Samsonov without a rebound.
12:07 of 1st period - Ryan Getzlaf wins face-off versus Nico Hischier in Golden Knights zone.
12:34 of 1st period - Shot by Ryan Getzlaf.
12:34 of 1st period - Shot Hit the Post.
12:59 of 1st period - Off-side.
13:00 of 1st period - Tomas Hertl wins face-off versus Blake Wheeler in neutral zone.
13:04 of 1st period - Miro Heiskanen is hit by Ethan Bear and loses puck.
13:13 of 1st period - Shot by Tomas Hertl.
13:13 of 1st period - Shot Hit the Post.
13:17 of 1st period - Shot by Tomas Hertl.
13:17 of 1st period - Shot Misses the Net.
13:19 of 1st period - Shot by Miro Heiskanen.
13:19 of 1st period - Shot Misses the Net.
14:27 of 1st period - Shot by Artemi Panarin.
14:27 of 1st period - Shot Misses the Net.
14:29 of 1st period - Shot by Deryk Engelland.
14:29 of 1st period - Stopped by Jordan Binnington without a rebound.
14:30 of 1st period - Ryan Getzlaf wins face-off versus Riley Sheahan in Flames zone.
14:36 of 1st period - Off-side.
14:37 of 1st period - Ryan Getzlaf wins face-off versus Riley Sheahan in neutral zone.
14:48 of 1st period - Shot by Torey Krug.
14:48 of 1st period - Stopped by Jordan Binnington with a rebound.
14:56 of 1st period - Riley Sheahan is hit by Charlie Coyle and loses puck.
15:03 of 1st period - Shot by Jared Spurgeon.
15:03 of 1st period - Stopped by Ilya Samsonov without a rebound.
15:04 of 1st period - Claude Giroux wins face-off versus Sean Kuraly in Golden Knights zone.
15:08 of 1st period - Off-side.
15:09 of 1st period - Claude Giroux wins face-off versus Sean Kuraly in neutral zone.
15:51 of 1st period - Icing by Jake Guentzel.
15:52 of 1st period - Claude Giroux wins face-off versus John Tavares in Golden Knights zone.
16:50 of 1st period - Minor Penalty to Anthony Beauvillier for Tripping.
16:51 of 1st period - Max Domi wins face-off versus Riley Sheahan in Golden Knights zone.
16:52 of 1st period - Shot by Alec Martinez.
16:52 of 1st period - Shot Misses the Net.
16:54 of 1st period - Shot by Brayden McNabb.
16:54 of 1st period - Stopped by Ilya Samsonov without a rebound.
16:55 of 1st period - Ryan Getzlaf wins face-off versus Riley Sheahan in Golden Knights zone.
17:14 of 1st period - Shot by Brayden McNabb.
17:14 of 1st period - Stopped by Ilya Samsonov without a rebound.
17:15 of 1st period - John Tavares wins face-off versus Riley Sheahan in Golden Knights zone.
17:20 of 1st period - Shot by Blake Wheeler.
17:20 of 1st period - Stopped by Ilya Samsonov without a rebound.
17:21 of 1st period - Ryan Getzlaf wins face-off versus Riley Sheahan in Golden Knights zone.
17:22 of 1st period - Shot by Jared Spurgeon.
17:22 of 1st period - Stopped by Ilya Samsonov without a rebound.
17:23 of 1st period - Ryan Getzlaf wins face-off versus Riley Sheahan in Golden Knights zone.
17:26 of 1st period - Shot by Esa Lindell.
17:26 of 1st period - Stopped by Ilya Samsonov without a rebound.
17:27 of 1st period - John Tavares wins face-off versus Riley Sheahan in Golden Knights zone.
17:28 of 1st period - Shot by Jared Spurgeon.
17:28 of 1st period - Shot Misses the Net.
17:30 of 1st period - Shot by Brady Tkachuk.
17:30 of 1st period - Shot Misses the Net.
17:32 of 1st period - Shot by Jared Spurgeon.
17:32 of 1st period - Stopped by Ilya Samsonov without a rebound.
17:33 of 1st period - John Tavares wins face-off versus Riley Sheahan in Golden Knights zone.
18:25 of 1st period - Mathew Dumba is hit by Ryan Getzlaf.
19:01 of 1st period - Shot by Jakub Vrana.
19:01 of 1st period - Shot Misses the Net.
19:09 of 1st period - Shot by Claude Giroux.
19:09 of 1st period - Shot Misses the Net.
19:11 of 1st period - Shot by Claude Giroux.
19:11 of 1st period - Stopped by Jordan Binnington without a rebound.
19:12 of 1st period - John Tavares wins face-off versus Tomas Hertl in Flames zone.
19:12 of 1st period - John Tavares is hit by Anthony Beauvillier.
19:30 of 1st period - Shot by Tomas Hertl.
19:30 of 1st period - Stopped by Jordan Binnington without a rebound.
19:31 of 1st period - Ryan Getzlaf wins face-off versus Claude Giroux in Flames zone.
Goals for this period are 0 for Flames vs 0 for Golden Knights.
Shots for this period are 9 for Flames vs 6 for Golden Knights.

2nd period


0:01 of 2nd period - John Tavares wins face-off versus Claude Giroux in neutral zone.
0:14 of 2nd period - Shot by Jake Guentzel.
0:14 of 2nd period - Shot Blocked by Jared Spurgeon.
0:16 of 2nd period - Shot by Zach Werenski.
0:16 of 2nd period - Stopped by Jordan Binnington without a rebound.
0:17 of 2nd period - Charlie Coyle wins face-off versus Nico Hischier in Flames zone.
0:54 of 2nd period - Shot by Nico Hischier.
0:54 of 2nd period - Stopped by Jordan Binnington without a rebound.
0:55 of 2nd period - John Tavares wins face-off versus Claude Giroux in Flames zone.
0:55 of 2nd period - John Tavares is hit by Claude Giroux.
0:58 of 2nd period - Jared Spurgeon is hit by Jake Guentzel and loses puck.
1:16 of 2nd period - Icing by Torey Krug.
1:17 of 2nd period - Claude Giroux wins face-off versus Sean Kuraly in Golden Knights zone.
1:17 of 2nd period - Claude Giroux is hit by Sean Kuraly.
1:22 of 2nd period - Artemi Panarin is hit by Ethan Bear and loses puck.
1:32 of 2nd period - Jake Guentzel is hit by Ethan Bear and loses puck.
1:35 of 2nd period - Shot by Zach Werenski.
1:35 of 2nd period - Stopped by Jordan Binnington without a rebound.
1:36 of 2nd period - Tomas Hertl wins face-off versus John Tavares in Flames zone.
1:49 of 2nd period - Shot by Anthony Beauvillier.
1:49 of 2nd period - Stopped by Jordan Binnington with a rebound.
1:51 of 2nd period - Shot by Tomas Hertl.
1:51 of 2nd period - Goal by Tomas Hertl - Flames : 0 - Golden Knights : 1.
1:52 of 2nd period - Nico Hischier wins face-off versus Ryan Getzlaf in neutral zone.
2:08 of 2nd period - Nico Hischier is hit by Ethan Bear and loses puck.
2:52 of 2nd period - Shot by Claude Giroux.
2:52 of 2nd period - Stopped by Jordan Binnington without a rebound.
2:53 of 2nd period - Sean Kuraly wins face-off versus Claude Giroux in Flames zone.
3:12 of 2nd period - Artemi Panarin is hit by Brayden McNabb and loses puck.
3:42 of 2nd period - Jake Guentzel is hit by Sean Kuraly and loses puck.
4:20 of 2nd period - Icing by Blake Wheeler.
4:21 of 2nd period - John Tavares wins face-off versus Riley Sheahan in Flames zone.
5:14 of 2nd period - Icing by Miro Heiskanen.
5:15 of 2nd period - Tomas Hertl wins face-off versus Sean Kuraly in Golden Knights zone.
6:09 of 2nd period - Shot by Artemi Panarin.
6:09 of 2nd period - Shot Misses the Net.
6:13 of 2nd period - Shot by Jake Guentzel.
6:13 of 2nd period - Stopped by Jordan Binnington without a rebound.
6:14 of 2nd period - John Tavares wins face-off versus Nico Hischier in Flames zone.
7:35 of 2nd period - Shot by Max Domi.
7:35 of 2nd period - Deflect By Charlie Coyle.
7:35 of 2nd period - Shot Misses the Net.
8:35 of 2nd period - Sean Kuraly is hit by Anthony Beauvillier and loses puck.
9:11 of 2nd period - Tyson Barrie is hit by Sean Kuraly and loses puck.
9:45 of 2nd period - Shot by Nico Hischier.
9:45 of 2nd period - Stopped by Jordan Binnington without a rebound.
9:46 of 2nd period - Claude Giroux wins face-off versus John Tavares in Flames zone.
9:47 of 2nd period - Shot by Artemi Panarin.
9:47 of 2nd period - Shot Misses the Net.
9:57 of 2nd period - Shot by Pavel Buchnevich.
9:57 of 2nd period - Deflect By Ilya Mikheyev.
9:57 of 2nd period - Stopped by Ilya Samsonov with a rebound.
10:05 of 2nd period - Shot by Pavel Buchnevich.
10:05 of 2nd period - Stopped by Ilya Samsonov with a rebound.
10:07 of 2nd period - Shot by Jared Spurgeon.
10:07 of 2nd period - Stopped by Ilya Samsonov without a rebound.
10:08 of 2nd period - Tomas Hertl wins face-off versus Ryan Getzlaf in Golden Knights zone.
10:08 of 2nd period - Tomas Hertl is hit by Max Domi.
10:11 of 2nd period - Anthony Beauvillier is hit by Max Domi and loses puck.
10:16 of 2nd period - Shot by Max Domi.
10:16 of 2nd period - Stopped by Ilya Samsonov without a rebound.
10:17 of 2nd period - Sean Kuraly wins face-off versus Viktor Arvidsson in Golden Knights zone.
10:17 of 2nd period - Sean Kuraly is hit by Torey Krug.
11:13 of 2nd period - Shot by Artemi Panarin.
11:13 of 2nd period - Stopped by Jordan Binnington with a rebound.
11:17 of 2nd period - Shot by Claude Giroux.
11:17 of 2nd period - Shot Blocked by Esa Lindell.
11:37 of 2nd period - Shot by Jared Spurgeon.
11:37 of 2nd period - Shot Misses the Net.
11:40 of 2nd period - Icing by Mathew Dumba.
11:41 of 2nd period - John Tavares wins face-off versus Claude Giroux in Golden Knights zone.
11:41 of 2nd period - John Tavares is hit by Miro Heiskanen.
12:33 of 2nd period - Shot by Anthony Beauvillier.
12:33 of 2nd period - Stopped by Jordan Binnington without a rebound.
12:34 of 2nd period - Sean Kuraly wins face-off versus Nico Hischier in Flames zone.
12:49 of 2nd period - Shot by Taylor Hall.
12:49 of 2nd period - Shot Misses the Net.
13:44 of 2nd period - Shot by Max Domi.
13:44 of 2nd period - Shot Misses the Net.
13:50 of 2nd period - Shot by Ryan Getzlaf.
13:50 of 2nd period - Shot Misses the Net.
13:52 of 2nd period - Shot by Jared Spurgeon.
13:52 of 2nd period - Shot Blocked by Torey Krug.
13:54 of 2nd period - Shot by Max Domi.
13:54 of 2nd period - Stopped by Ilya Samsonov with a rebound.
13:56 of 2nd period - Shot by Charlie Coyle.
13:56 of 2nd period - Deflect By Ryan Getzlaf.
13:56 of 2nd period - Stopped by Ilya Samsonov without a rebound.
13:57 of 2nd period - Brady Tkachuk wins face-off versus Claude Giroux in Golden Knights zone.
14:04 of 2nd period - Shot by Blake Wheeler.
14:04 of 2nd period - Shot Misses the Net.
14:22 of 2nd period - Shot by Brady Tkachuk.
14:22 of 2nd period - Stopped by Ilya Samsonov without a rebound.
14:23 of 2nd period - John Tavares wins face-off versus Tomas Hertl in Golden Knights zone.
14:26 of 2nd period - Shot by Pavel Buchnevich.
14:26 of 2nd period - Shot Misses the Net.
14:36 of 2nd period - Shot by Tomas Hertl.
14:36 of 2nd period - Stopped by Jordan Binnington with a rebound.
15:02 of 2nd period - Shot by Nick Suzuki.
15:02 of 2nd period - Shot Misses the Net.
15:04 of 2nd period - Shot by Anthony Beauvillier.
15:04 of 2nd period - Goal by Anthony Beauvillier - Flames : 0 - Golden Knights : 2.
15:05 of 2nd period - Claude Giroux wins face-off versus Ryan Getzlaf in neutral zone.
15:20 of 2nd period - Shot by Claude Giroux.
15:20 of 2nd period - Shot Misses the Net.
15:22 of 2nd period - Shot by Jake Guentzel.
15:22 of 2nd period - Deflect By Claude Giroux.
15:22 of 2nd period - Stopped by Jordan Binnington with a rebound.
15:24 of 2nd period - Shot by Jake Guentzel.
15:24 of 2nd period - Shot Blocked by Esa Lindell.
15:31 of 2nd period - Minor Penalty to Ryan Getzlaf for Holding.
15:32 of 2nd period - John Tavares wins face-off versus Tomas Hertl in Flames zone.
15:32 of 2nd period - John Tavares is hit by Tomas Hertl.
15:46 of 2nd period - Shot by Zach Werenski.
15:46 of 2nd period - Shot Blocked by Esa Lindell.
15:50 of 2nd period - Shot by Anthony Beauvillier.
15:50 of 2nd period - Shot Misses the Net.
15:52 of 2nd period - Shot by Zach Werenski.
15:52 of 2nd period - Shot Misses the Net.
15:54 of 2nd period - Shot by Zach Werenski.
15:54 of 2nd period - Shot Misses the Net.
15:56 of 2nd period - Shot by Tomas Hertl.
15:56 of 2nd period - Shot Misses the Net.
15:58 of 2nd period - Shot by Zach Werenski.
15:58 of 2nd period - Stopped by Jordan Binnington without a rebound.
15:59 of 2nd period - Claude Giroux wins face-off versus John Tavares in Flames zone.
16:16 of 2nd period - Shot by Miro Heiskanen.
16:16 of 2nd period - Stopped by Jordan Binnington without a rebound.
16:17 of 2nd period - Charlie Coyle wins face-off versus Claude Giroux in Flames zone.
16:29 of 2nd period - Icing by Zach Werenski.
16:30 of 2nd period - Claude Giroux wins face-off versus Charlie Coyle in Golden Knights zone.
17:17 of 2nd period - Off-side.
17:18 of 2nd period - Tomas Hertl wins face-off versus John Tavares in neutral zone.
17:32 of 2nd period - Miro Heiskanen is hit by Marc Staal and loses puck.
18:29 of 2nd period - Icing by Jared Spurgeon.
18:30 of 2nd period - John Tavares wins face-off versus Claude Giroux in Flames zone.
18:47 of 2nd period - Shot by Brady Tkachuk.
18:47 of 2nd period - Stopped by Ilya Samsonov with a rebound.
18:49 of 2nd period - Shot by Jared Spurgeon.
18:49 of 2nd period - Stopped by Ilya Samsonov without a rebound.
18:50 of 2nd period - Tomas Hertl wins face-off versus Ryan Getzlaf in Golden Knights zone.
18:50 of 2nd period - Tomas Hertl is hit by Charlie Coyle.
19:06 of 2nd period - Shot by Ryan Getzlaf.
19:06 of 2nd period - Shot Blocked by Tomas Hertl.
19:08 of 2nd period - Shot by Ryan Getzlaf.
19:08 of 2nd period - Stopped by Ilya Samsonov without a rebound.
19:09 of 2nd period - Claude Giroux wins face-off versus John Tavares in Golden Knights zone.
19:28 of 2nd period - Shot by Blake Wheeler.
19:28 of 2nd period - Stopped by Ilya Samsonov without a rebound.
19:29 of 2nd period - Ryan Getzlaf wins face-off versus Tomas Hertl in Golden Knights zone.
19:42 of 2nd period - Shot by Max Domi.
19:42 of 2nd period - Shot Blocked by Deryk Engelland.
19:44 of 2nd period - Shot by Alec Martinez.
19:44 of 2nd period - Shot Blocked by Tomas Hertl.
Goals for this period are 0 for Flames vs 2 for Golden Knights.
Shots for this period are 11 for Flames vs 15 for Golden Knights.

3rd period


0:01 of 3rd period - John Tavares wins face-off versus Claude Giroux in neutral zone.
0:18 of 3rd period - Shot by Blake Wheeler.
0:18 of 3rd period - Stopped by Ilya Samsonov without a rebound.
0:19 of 3rd period - Ryan Getzlaf wins face-off versus Tomas Hertl in Golden Knights zone.
0:19 of 3rd period - Ryan Getzlaf is hit by Deryk Engelland.
0:43 of 3rd period - Shot by Nick Suzuki.
0:43 of 3rd period - Stopped by Jordan Binnington with a rebound.
0:49 of 3rd period - Shot by Tomas Hertl.
0:49 of 3rd period - Shot Misses the Net.
0:51 of 3rd period - Shot by Tyson Barrie.
0:51 of 3rd period - Shot Misses the Net.
0:53 of 3rd period - Shot by Nick Suzuki.
0:53 of 3rd period - Stopped by Jordan Binnington without a rebound.
0:54 of 3rd period - John Tavares wins face-off versus Claude Giroux in Flames zone.
0:59 of 3rd period - Shot by Blake Wheeler.
0:59 of 3rd period - Shot Blocked by Torey Krug.
1:01 of 3rd period - Shot by John Tavares.
1:01 of 3rd period - Stopped by Ilya Samsonov without a rebound.
1:02 of 3rd period - Claude Giroux wins face-off versus John Tavares in Golden Knights zone.
1:02 of 3rd period - Claude Giroux is hit by Brady Tkachuk.
1:12 of 3rd period - Shot by Claude Giroux.
1:12 of 3rd period - Shot Misses the Net.
1:59 of 3rd period - Icing by Zach Werenski.
2:00 of 3rd period - Claude Giroux wins face-off versus Ryan Getzlaf in Golden Knights zone.
2:04 of 3rd period - Torey Krug is hit by Brayden McNabb and loses puck.
2:15 of 3rd period - Shot by Alec Martinez.
2:15 of 3rd period - Stopped by Ilya Samsonov without a rebound.
2:16 of 3rd period - Tomas Hertl wins face-off versus Sean Kuraly in Golden Knights zone.
2:22 of 3rd period - Mathew Dumba is hit by Marc Staal.
2:30 of 3rd period - Shot by Anthony Beauvillier.
2:30 of 3rd period - Deflect By Tomas Hertl.
2:30 of 3rd period - Shot Misses the Net.
2:35 of 3rd period - Tomas Hertl is hit by Marc Staal and loses puck.
2:42 of 3rd period - Shot by Anthony Beauvillier.
2:42 of 3rd period - Deflect By Tomas Hertl.
2:42 of 3rd period - Shot Misses the Net.
2:44 of 3rd period - Shot by Miro Heiskanen.
2:44 of 3rd period - Shot Misses the Net.
2:56 of 3rd period - Shot by Anthony Beauvillier.
2:56 of 3rd period - Stopped by Jordan Binnington without a rebound.
2:57 of 3rd period - John Tavares wins face-off versus Nico Hischier in Flames zone.
3:13 of 3rd period - Shot by John Tavares.
3:13 of 3rd period - Shot Blocked by Tyson Barrie.
3:25 of 3rd period - Shot by Nico Hischier.
3:25 of 3rd period - Shot Blocked by Jared Spurgeon.
3:53 of 3rd period - John Tavares is hit by Torey Krug and loses puck.
3:57 of 3rd period - Minor Penalty to Brady Tkachuk for Tripping.
3:58 of 3rd period - Claude Giroux wins face-off versus Charlie Coyle in Flames zone.
4:20 of 3rd period - Shot by Torey Krug.
4:20 of 3rd period - Shot Misses the Net.
4:22 of 3rd period - Shot by Zach Werenski.
4:22 of 3rd period - Shot Misses the Net.
4:24 of 3rd period - Shot by Artemi Panarin.
4:24 of 3rd period - Shot Blocked by Brayden McNabb.
4:26 of 3rd period - Shot by Zach Werenski.
4:26 of 3rd period - Shot Blocked by Alec Martinez.
5:20 of 3rd period - Shot by Tyson Barrie.
5:20 of 3rd period - Stopped by Jordan Binnington without a rebound.
5:21 of 3rd period - John Tavares wins face-off versus Nick Suzuki in Flames zone.
5:21 of 3rd period - John Tavares is hit by Nick Suzuki.
5:28 of 3rd period - Shot by Tyson Barrie.
5:28 of 3rd period - Stopped by Jordan Binnington without a rebound.
5:29 of 3rd period - John Tavares wins face-off versus Tomas Hertl in Flames zone.
7:14 of 3rd period - Miro Heiskanen is hit by Pavel Buchnevich and loses puck.
7:51 of 3rd period - Shot by Alex Steen.
7:51 of 3rd period - Stopped by Jordan Binnington without a rebound.
7:51 of 3rd period - Minor Penalty to Brayden McNabb for Hooking.
7:52 of 3rd period - John Tavares wins face-off versus Tomas Hertl in Flames zone.
8:29 of 3rd period - Shot by Zach Werenski.
8:29 of 3rd period - Shot Blocked by Alec Martinez.
9:05 of 3rd period - Shot by Claude Giroux.
9:05 of 3rd period - Stopped by Jordan Binnington with a rebound.
9:07 of 3rd period - Shot by Tyson Barrie.
9:07 of 3rd period - Shot Misses the Net.
9:09 of 3rd period - Shot by Miro Heiskanen.
9:09 of 3rd period - Shot Misses the Net.
9:29 of 3rd period - Shot by Tomas Hertl.
9:29 of 3rd period - Deflect By Anthony Beauvillier.
9:29 of 3rd period - Shot Blocked by Ethan Bear.
9:37 of 3rd period - Shot by Tomas Hertl.
9:37 of 3rd period - Stopped by Jordan Binnington without a rebound.
9:38 of 3rd period - Claude Giroux wins face-off versus John Tavares in Flames zone.
9:38 of 3rd period - Claude Giroux is hit by Jared Spurgeon.
9:50 of 3rd period - Shot by Artemi Panarin.
9:50 of 3rd period - Stopped by Jordan Binnington with a rebound.
10:06 of 3rd period - Icing by Tyson Barrie.
10:07 of 3rd period - John Tavares wins face-off versus Nico Hischier in Golden Knights zone.
10:08 of 3rd period - Shot by Brady Tkachuk.
10:08 of 3rd period - Stopped by Ilya Samsonov with a rebound.
11:52 of 3rd period - Shot by Anthony Beauvillier.
11:52 of 3rd period - Shot Misses the Net.
11:54 of 3rd period - Shot by Torey Krug.
11:54 of 3rd period - Shot Misses the Net.
11:58 of 3rd period - Shot by Tomas Hertl.
11:58 of 3rd period - Stopped by Jordan Binnington with a rebound.
12:10 of 3rd period - Shot by Artemi Panarin.
12:10 of 3rd period - Deflect By Jake Guentzel.
12:10 of 3rd period - Shot Misses the Net.
12:12 of 3rd period - Shot by Jake Guentzel.
12:12 of 3rd period - Deflect By Artemi Panarin.
12:12 of 3rd period - Shot Misses the Net.
12:14 of 3rd period - Shot by Tyson Barrie.
12:14 of 3rd period - Stopped by Jordan Binnington without a rebound.
12:15 of 3rd period - Ryan Getzlaf wins face-off versus Nico Hischier in Flames zone.
12:17 of 3rd period - Icing by Charlie Coyle.
12:18 of 3rd period - Ryan Getzlaf wins face-off versus Claude Giroux in Flames zone.
12:18 of 3rd period - Ryan Getzlaf is hit by Jake Guentzel.
12:42 of 3rd period - Shot by Ryan Getzlaf.
12:42 of 3rd period - Stopped by Ilya Samsonov with a rebound.
13:18 of 3rd period - Anthony Beauvillier is hit by Sean Kuraly and loses puck.
13:36 of 3rd period - Minor Penalty to Marc Staal for Slashing.
13:37 of 3rd period - Charlie Coyle wins face-off versus Tomas Hertl in Flames zone.
13:51 of 3rd period - Shot by Zach Werenski.
13:51 of 3rd period - Stopped by Jordan Binnington with a rebound.
13:53 of 3rd period - Shot by Torey Krug.
13:53 of 3rd period - Shot Misses the Net.
13:55 of 3rd period - Shot by Tomas Hertl.
13:55 of 3rd period - Deflect By Anthony Beauvillier.
13:55 of 3rd period - Stopped by Jordan Binnington without a rebound.
13:56 of 3rd period - Claude Giroux wins face-off versus Charlie Coyle in Flames zone.
14:25 of 3rd period - Shot by Artemi Panarin.
14:25 of 3rd period - Deflect By Claude Giroux.
14:25 of 3rd period - Stopped by Jordan Binnington with a rebound.
15:53 of 3rd period - Shot by Ryan Getzlaf.
15:53 of 3rd period - Stopped by Ilya Samsonov with a rebound.
15:55 of 3rd period - Shot by Charlie Coyle.
15:55 of 3rd period - Shot Misses the Net.
15:57 of 3rd period - Shot by Ethan Bear.
15:57 of 3rd period - Shot Misses the Net.
15:59 of 3rd period - Shot by Ryan Getzlaf.
15:59 of 3rd period - Shot Blocked by Viktor Arvidsson.
16:01 of 3rd period - Shot by Ryan Getzlaf.
16:01 of 3rd period - Deflect By Max Domi.
16:01 of 3rd period - Goal by Max Domi - Flames : 1 - Golden Knights : 2.
16:02 of 3rd period - Riley Sheahan wins face-off versus Sean Kuraly in neutral zone.
16:10 of 3rd period - Off-side.
16:11 of 3rd period - John Tavares wins face-off versus Alex Steen in neutral zone.
17:03 of 3rd period - Shot by Mathew Dumba.
17:03 of 3rd period - Shot Blocked by Ethan Bear.
17:05 of 3rd period - Shot by Miro Heiskanen.
17:05 of 3rd period - Shot Blocked by John Tavares.
17:07 of 3rd period - Shot by Miro Heiskanen.
17:07 of 3rd period - Stopped by Jordan Binnington without a rebound.
17:08 of 3rd period - Sean Kuraly wins face-off versus Jake Guentzel in Flames zone.
17:31 of 3rd period - Shot by Claude Giroux.
17:31 of 3rd period - Stopped by Jordan Binnington without a rebound.
17:32 of 3rd period - Ryan Getzlaf wins face-off versus Tomas Hertl in Flames zone.
17:36 of 3rd period - Max Domi is hit by Mathew Dumba and loses puck.
17:48 of 3rd period - Shot by Anthony Beauvillier.
17:48 of 3rd period - Shot Misses the Net.
17:50 of 3rd period - Shot by Miro Heiskanen.
17:50 of 3rd period - Stopped by Jordan Binnington without a rebound.
17:51 of 3rd period - Claude Giroux wins face-off versus Sean Kuraly in Flames zone.
17:56 of 3rd period - Shot by Claude Giroux.
17:56 of 3rd period - Shot Blocked by Jared Spurgeon.
18:05 of 3rd period - Jared Spurgeon is hit by Tyson Barrie and loses puck.
18:26 of 3rd period - Off-side.
18:27 of 3rd period - Tomas Hertl wins face-off versus Ryan Getzlaf in neutral zone.
18:31 of 3rd period - Anthony Beauvillier is hit by Brayden McNabb and loses puck.
18:40 of 3rd period - Miro Heiskanen is hit by Ryan Getzlaf and loses puck.
18:47 of 3rd period - Shot by Ryan Getzlaf.
18:47 of 3rd period - Stopped by Ilya Samsonov without a rebound.
18:48 of 3rd period - John Tavares wins face-off versus Nico Hischier in Golden Knights zone.
18:51 of 3rd period - Shot by Brady Tkachuk.
18:51 of 3rd period - Stopped by Ilya Samsonov without a rebound.
18:52 of 3rd period - John Tavares wins face-off versus Claude Giroux in Golden Knights zone.
19:00 of 3rd period - Icing by Zach Werenski.
19:01 of 3rd period - John Tavares wins face-off versus Jake Guentzel in Golden Knights zone.
19:02 of 3rd period - Flames, Jordan Binnington is pulled from the net.
19:14 of 3rd period - Claude Giroux is hit by John Tavares and loses puck.
Goals for this period are 1 for Flames vs 0 for Golden Knights.
Shots for this period are 9 for Flames vs 17 for Golden Knights.